 Dungeon Crawl Stone Soup version 0.22-a0-348-gd16d139 (webtiles) character file.

28 grindst0ne the Sneak (level 3, -1/24 HPs)
             Began as an Octopode Assassin on Apr 9, 2018.
             Slain by a leopard gecko (5 damage)
             ... on level 1 of the Dungeon.
             The game lasted 00:01:06 (460 turns).

grindst0ne the Sneak (Octopode Assassin)             Turns: 460, Time: 00:01:06

Health: -1/24      AC:  1    Str: 10    XL:     3   Next: 12%
Magic:  3/3        EV: 13    Int: 13    God:
Gold:   104        SH:  0    Dex: 14    Spells: 2/2 levels left

rFire    + . .     SeeInvis .   a - +2 dagger
rCold    . . .     Gourm    .   (no shield)
rNeg     . . .     Faith    .   (helmet restricted)
rPois    .         Spirit   .   (no amulet)
rElec    .         Reflect  .   h - ring of protection from fire
rCorr    .         Harm     .   (no ring)
MR       .....                  (no ring)
Stlth    ++++......             (no ring)
HPRegen  0.08/turn              (no ring)
MPRegen  0.08/turn              (no ring)
                                (no ring)
                                (no ring)

@: no status effects
A: almost no armour, stealthy swim, amphibious, 8 rings, constrict 8, camouflage
1, gelatinous body 1
a: no special abilities


You were on level 1 of the Dungeon.
You were not hungry.

You visited 1 branch of the dungeon, and saw 1 of its levels.

You collected 104 gold pieces.

Inventory:

Hand Weapons
 a - a +2 dagger (weapon)
 b - a +0 blowgun
Missiles
 c - 8 poisoned needles
 d - 2 curare-tipped needles
Jewellery
 h - a ring of protection from fire (left tentacle)
Comestibles
 f - a ration
 g - 4 chunks of flesh


   Skills:
 - Level 2.0 Fighting
 - Level 2.0 Short Blades
 - Level 2.0 Throwing
 - Level 1.0 Dodging
 + Level 6.8 Stealth


You had 2 spell levels left.
You didn't know any spells.

Dungeon Overview and Level Annotations

Branches:
Dungeon (1/15)

Altars:


Innate Abilities, Weirdness & Mutations

You cannot wear most types of armour.
You are very stealthy in the water. (Stealth+)
You are amphibious.
You can wear up to eight rings at the same time.
You can use your tentacles to constrict eight enemies at once.
Your skin changes colour to match your surroundings (Stealth+).
Your rubbery body absorbs attacks. (AC +1, EV +1)


Message History

You hit the hobgoblin.
You kill the hobgoblin!
You barely miss the goblin. You grab the goblin. You constrict the goblin.
The goblin hits you with a club.
You barely miss the goblin.
You kill the goblin!
You hit the leopard gecko. Your grab misses the leopard gecko.
The leopard gecko is lightly wounded.
The leopard gecko barely misses you.
You hit the leopard gecko. Your grab misses the leopard gecko.
The leopard gecko is almost dead.
The kobold hits you with a whip.
* * * LOW HITPOINT WARNING * * *
The leopard gecko bites you.
* * * LOW HITPOINT WARNING * * *
You closely miss the leopard gecko. Your grab misses the leopard gecko.
Your squeeze misses the leopard gecko.
The leopard gecko is almost dead.
The kobold hits you but does no damage. The leopard gecko bites you.
You die...

#...#...[.#...#
#...#.≈≈≈.#...#
#...#.≈≈≈.#...# ###
#...#.X≈≈.#...# #.[
#...#.....#...# #..
#...#######...# ##..
##.............# #...
#.............## #...
#...l@.......#### #...
#...K####.##....###...
#.... #.##..........
#.... #.##.........#
#.... #>............
...^.. ######.......#
....... #.......#
....... #.......#
#.......#


You could see a leopard gecko, a kobold and a neutral kraken.

Vanquished Creatures
  A dart slug (D:1)
  A giant cockroach (D:1)
  A goblin (D:1)
  6 hobgoblins (D:1)
  8 jackals (D:1)
  A bat (D:1)
  3 kobolds (D:1)
21 creatures vanquished.

Vanquished Creatures (others)
  A draconian (D:1)
  2 gargoyles (D:1)
  4 trolls (D:1)
  A naga (D:1)
  A centaur (D:1)
  A mummy (D:1)
  2 kobolds (D:1)
  A fungus (D:1)
  12 tentacles (D:1)
25 creatures vanquished.

Grand Total: 46 creatures vanquished

Notes
Turn   | Place    | Note
-------+----------+-------------------------------------------
     0 | D:1      | grindst0ne the Octopode Assassin began the quest for the Orb.
     0 | D:1      | Reached XP level 1. HP: 14/14 MP: 1/1
     0 | D:1      | Noticed a draconian
     0 | D:1      | Noticed a troll
     0 | D:1      | Noticed a gargoyle
     0 | D:1      | Noticed a troll
     0 | D:1      | Noticed a kraken
     0 | D:1      | Noticed a gargoyle
     0 | D:1      | Noticed a troll
     0 | D:1      | Noticed a troll
     0 | D:1      | Noticed a naga
     0 | D:1      | Noticed a centaur
     5 | D:1      | Killed a troll
     6 | D:1      | Killed a centaur
     6 | D:1      | Killed a troll
     7 | D:1      | Killed a naga
     8 | D:1      | Killed a troll
     8 | D:1      | Killed a gargoyle
    13 | D:1      | Killed a gargoyle
    16 | D:1      | Killed a troll
    17 | D:1      | Killed a draconian
    24 | D:1      | Reached skill level 6 in Stealth
    24 | D:1      | Reached XP level 2. HP: 18/19 MP: 2/2
   450 | D:1      | Reached XP level 3. HP: 12/24 MP: 3/3
   460 | D:1      | Slain by a leopard gecko

Vault maps used:
D:1:      nicolae_arrival_kraken_aquarium_a, minmay_gold_behind_fungi

Skill      XL: |  1 |
---------------+----+-----
Stealth        | 6 |  6.8
Fighting       | |  2.0
Short Blades   | |  2.0
Throwing       | |  2.0
Dodging        | |  1.0

Action                   || total
-------------------------++-------
Melee: Dagger            ||    50
       Tentacles         ||     9
       Constrict         ||    13
Armor: Skin              ||     5
Dodge: Dodged            ||    28

Table legend:
 A = Spawn XP
 B = Non-spawn XP
 C = Spawn XP percentage of total XP
 D = Spawn monster count
 E = Non-spawn monster count
 F = Spawn count percentage of total count
 G = Total turns spent on level
                    A         B        C        D         E        F      G
               +---------+---------+-------+---------+---------+-------+---------
         Total |       0 |      40 |   0.0 |       0 |      21 |   0.0 |   460
               +---------+---------+-------+---------+---------+-------+---------
           D:1 |       0 |      40 |   0.0 |       0 |      21 |   0.0 |   460
               +---------+---------+-------+---------+---------+-------+---------
